 Dungeon Crawl Stone Soup version 0.26.0-10-g1f06aea511 (webtiles) character file.

Game seed: 9365600494870616552

5650 Borgoz the Carver (level 10, -26/86 HPs)
             Began as a Ghoul Gladiator on Jan 18, 2021.
             Killed from afar by Erolcha (34 damage)
             ... with a bolt of lightning
             ... on level 9 of the Dungeon.
             The game lasted 00:14:40 (10840 turns).

Borgoz the Carver (Ghoul Gladiator)                Turns: 10840, Time: 00:14:41

Health: -26/86     AC: 16    Str: 19    XL:     10   Next: 74%
Magic:  0/9        EV: 10    Int:  3    God:
Gold:   82         SH:  0    Dex: 13    Spells: 9/9 levels left

rFire    . . .     SeeInvis .   a - +3 long sword
rCold    + . .     Faith    .   (no shield)
rNeg     + + +     Spirit   +   B - +0 chain mail "Etowkya" {Will+++}
rPois    ∞         Reflect  .   c - +1 helmet
rElec    .         Harm     .   A - +0 cloak
rCorr    .         Rampage  .   x - +0 pair of gloves
Will     +++..                  (no boots)
Stlth    ..........             m - amulet of guardian spirit
HPRegen  0.00/turn              (no ring)
MPRegen  0.11/turn              (no ring)

@: brilliant
A: claws 1, cold resistance 1, negative energy resistance 3, inhibited
regeneration, torment resistance, unbreathing
a: no special abilities


You were on level 9 of the Dungeon.
You visited 1 branch of the dungeon, and saw 9 of its levels.
You also visited: Ossuary.

You collected 544 gold pieces.
You spent 462 gold pieces at shops.

Inventory:

Hand Weapons
 a - a +3 long sword (weapon)
 b - a +2 great sword of electrocution
Missiles
 d - a throwing net (quivered)
Armour
 c - a +1 helmet (worn)
 x - a +0 pair of gloves (worn)
 A - a +0 cloak (worn)
 B - the +0 chain mail "Etowkya" (worn) {Will+++}
   (You bought it in a shop on level 8 of the Dungeon)

   It affects your willpower, your defense against some magical effects.
 C - the +3 ring mail "Piegubb" {+Fly Regen+ Dex+2}
   (You bought it in a shop on level 8 of the Dungeon)

   It affects your dexterity (+2).
   It lets you fly.
   It increases your rate of regeneration.
Jewellery
 m - an amulet of guardian spirit (around neck)
Wands
 y - a wand of paralysis (14)
Scrolls
 e - a scroll of brand weapon {unknown}
 f - 2 scrolls of identify
 i - 2 scrolls of enchant armour
 j - 4 scrolls of teleportation
 k - 2 scrolls of blinking
 p - 5 scrolls of remove curse
 q - a scroll of fear
 r - 2 scrolls of fog
 u - a scroll of enchant weapon
 v - a scroll of acquirement {unknown}
Potions
 g - 3 potions of cancellation
 h - 6 potions of heal wounds
 n - 2 potions of flight
 s - a potion of magic


   Skills:
 + Level 7.4 Fighting
 * Level 8.9 Long Blades
 - Level 1.7 Throwing
 * Level 8.2 Armour
 + Level 6.4 Dodging


You had 9 spell levels left.
You didn't know any spells.
Your spell library contained the following spells:

 Spells                   Type           Power        Failure   Level
 Confusing Touch          Hex            0%           100%        3
 Gell's Gravitas          Tloc           0%           100%        3
 Petrify                  Tmut/Erth      0%           100%        4
 Metabolic Englaciation   Hex/Ice        0%           100%        5
 Yara's Violent Unravell  Hex/Tmut       0%           100%        5


Dungeon Overview and Level Annotations

Branches:
Dungeon (9/15)             Temple (0/1) D:4         Ossuary (visited)
   Lair: D:8-11         Orc: D:9-12

Altars:
Dithmenos
Fedhas
Gozag
Nemelex Xobeh
Ru
Sif Muna
Vehumet
Xom
The Shining One

Shops:
D:5 *   D:8 [

Annotations:
D:9 Erolcha


Innate Abilities, Weirdness & Mutations

You thrive by killing the living.
You are immune to poison.
You have sharp fingernails.
Your flesh is cold resistant. (rC+)
You are immune to negative energy. (rN+++)
You do not regenerate when monsters are visible.
You are immune to unholy pain and torment.
You can survive without breathing.


Message History

The orc wizard gestures at itself while chanting.
The orc wizard flickers and vanishes!
Something hits you!
It was a potion of berserk rage.
You cannot raise a blood rage in your lifeless body.
Something hits you but does no damage.
You slash something! You hit something but do no damage. Something hits you!!
* * * LOW HITPOINT WARNING * * *
You hit something but do no damage.
You hear some strange, mumbled words.
A stone arrow appears from out of thin air!
The stone arrow misses you.
As you read the scroll of fear, it crumbles to dust.
You assume a fearsome visage.
The killer bee looks frightened! x3
Cornered, the killer bee turns to fight!
There is a stone staircase leading down here.
You hear some strange, mumbled words.
A bolt of lightning appears from out of thin air!
The bolt of lightning hits you!!
You die...

########..#
..........#
#########.# #.# #.#
####.########
.######...........#
...........######.#
.#####@#### #.# #{#
#..#####y#
#..{.y...#
....####### >


You could see a killer bee.

Vanquished Creatures
  The ghost of MajorAdolf the Stinger, a novice NaWn (D:5)
  6 yaks (D:7)
  A wyvern (D:9)
  Menkaure (D:6)
  A water moccasin (D:7)
  2 sky beasts
  Duvessa (D:6)
  4 orc warriors
  A phantom (D:7)
  3 black bears
  9 ogres
  2 centaurs
  A big kobold (D:7)
  4 bullfrogs
  A gnoll sergeant (D:7)
  Dowan (D:6)
  2 scorpions
  A killer bee (D:9)
  The ghost of OakTree the Twirler, a weakling DgGl (D:3)
  4 howler monkeys
  A bullfrog zombie (D:9)
  3 centaur zombies (Ossuary)
  A centaur skeleton (D:9)
  3 hounds
  2 jellies
  A bullfrog skeleton (D:7)
  A gnoll shaman (D:8)
  4 orc priests
  4 orc wizards
  3 iguanas
  6 worker ants
  A big kobold zombie (Ossuary)
  A hound skeleton (D:5)
  6 mummies (Ossuary)
  A worker ant zombie (D:7)
  8 gnolls
  14 adders
  2 white imps
  4 ufetubi
  3 oozes
  An adder zombie (D:8)
  An adder skeleton (D:5)
  3 worms (D:3)
  3 dart slugs
  5 leopard geckos
  30 orcs
  A ball python (D:3)
  5 giant cockroaches
  5 goblins
  12 hobgoblins
  19 jackals
  14 kobolds
  5 quokkas
  10 bats
  8 frilled lizards
  2 goblin zombies (D:4)
  3 hobgoblin zombies
  A leopard gecko skeleton (D:8)
  9 rats
253 creatures vanquished.

Vanquished Creatures (others)
  An orc wizard (D:5)
1 creature vanquished.

Grand Total: 254 creatures vanquished

Notes
Turn   | Place    | Note
-------+----------+-------------------------------------------
     0 | D:1      | Borgoz the Ghoul Gladiator began the quest for the Orb.
     0 | D:1      | Reached XP level 1. HP: 17/17 MP: 0/0
   251 | D:1      | Reached XP level 2. HP: 19/24 MP: 1/1
   362 | D:1      | Reached skill level 1 in Armour
   455 | D:1      | Reached XP level 3. HP: 24/30 MP: 2/2
  1202 | D:2      | Found a shadowy altar of Dithmenos.
  1491 | D:2      | Reached XP level 4. HP: 28/37 MP: 3/3
  2225 | D:3      | Found a runed translucent door.
  2225 | D:3      | Noticed OakTree's ghost (weakling DgGl)
  2415 | D:3      | Reached XP level 5. HP: 27/45 MP: 2/4
  2641 | D:3      | Found a blossoming altar of Fedhas.
  2774 | D:3      | Found a sparkling altar of Nemelex Xobeh.
  2937 | D:3      | Found a shimmering blue altar of Sif Muna.
  3611 | D:3      | Found a runed translucent door.
  3624 | D:3      | Killed OakTree's ghost
  3625 | D:3      | Reached XP level 6. HP: 16/51 MP: 1/5
  4235 | D:4      | Found a staircase to the Ecumenical Temple.
  4266 | D:4      | Reached XP level 7. HP: 52/58 MP: 4/6
  4354 | D:4      | Found a sand-covered staircase.
  4364 | Ossuary  | Entered an ossuary
  4408 | Ossuary  | Reached skill level 5 in Long Blades
  5149 | D:5      | Entered Level 5 of the Dungeon
  5152 | D:5      | Found a runed translucent door.
  5188 | D:5      | Found Meutatin's General Store.
  5204 | D:5      | Reached XP level 8. HP: 43/67 MP: 5/7
  5832 | D:5      | Reached skill level 5 in Armour
  6027 | D:5      | Reached skill level 5 in Fighting
  6071 | D:5      | You fall into a shaft and drop 3 floors!
  6523 | D:7      | Reached XP level 9. HP: 66/74 MP: 8/8
  6711 | D:6      | Reached skill level 5 in Dodging
  6763 | D:6      | Noticed Dowan
  6765 | D:6      | Noticed Duvessa
  6775 | D:6      | Killed Duvessa
  6791 | D:6      | Killed Dowan
  6920 | D:6      | Found a glowing golden altar of the Shining One.
  6971 | D:6      | Noticed Menkaure
  6985 | D:6      | Killed Menkaure
  7044 | D:6      | Found a shimmering altar of Xom.
  7048 | D:6      | Found a sacrificial altar of Ru.
  7252 | D:7      | Found a radiant altar of Vehumet.
  7596 | D:5      | Noticed MajorAdolf's ghost (novice NaWn)
  7628 | D:5      | Killed MajorAdolf's ghost
  8754 | D:7      | Reached XP level 10. HP: 83/84 MP: 9/9
  9799 | D:8      | Found Vuif Pon's Antique Armour Shop.
  9809 | D:8      | Bought an encrusted chain mail for 237 gold pieces
  9809 | D:8      | Bought a masterwork ring mail for 225 gold pieces
  9819 | D:8      | Identified the +3 ring mail "Piegubb" {+Fly Regen+ Dex+2}
                  | (You bought it in a shop on level 8 of the Dungeon)
  9829 | D:8      | Identified the cursed +0 chain mail "Etowkya" {Will+++}
                  | (You bought it in a shop on level 8 of the Dungeon)
  9996 | D:8      | Found an opulent altar of Gozag.
 10811 | D:9      | Noticed Erolcha
 10840 | D:9      | Killed from afar by Erolcha

Illustrated notes

Levels and vault maps discovered:
D:1:      noname_arrival_rooms_in_the_neighbourhood, layout_loops_ring,
          chequers_serial_rivers_micro_e
D:2:      layout_basic, grunt_dithmenos_smoke
D:3:      layout_loops_ring, nicolae_overflow_crystal_walls, led_sif_pool,
          lemuel_round_altar, ebering_ghost_sewer_f, minmay_pentangle
D:4:      minmay_inner_zag, layout_cave_pools, minmay_temple_entry_slanted,
          enter_ossuary_3, hangedman_decor_riveting
D:5:      wander_river, layout_loops_cross, serial_shops, shop,
          ebering_ghost_sewer_d
D:6:      layout_rooms, old_standard_altar, minitemple, uniq_duvessa,
          uniq_menkaure
D:7:      minmay_bubble_buster, layout_basic, marbit_many_paths,
          grunt_ogre_cave, minmay_joined_circles
D:8:      layout_loops_ring, overflow_temple_1_default, serial_shops, shop
D:9:      layout_loops_ring, nicolae_ashenzari_panopticon,
          kennysheep_small_square, uniq_harold, uniq_erolcha

Skill      XL: |  1  2  3  4  5  6  7  8  9 10 |
---------------+-------------------------------+-----
Armour         | 1 2 3 4 5 7 8 |  8.2
Long Blades    | 3 4 5 6 7 8 |  8.9
Dodging        | 3 4 5 6 |  6.4
Fighting       | 3 4 5 6 7 |  7.4
Throwing       | |  1.7

Action                   |  1- 3 |  4- 6 |  7- 9 | 10-12 || total
-------------------------+-------+-------+-------+-------++-------
Melee: Long sword        |   112 |   171 |   416 |   244 ||   943
       Great sword       |       |    29 |       |       ||    29
Throw: Throwing net      |       |     1 |     3 |     2 ||     6
Evoke: Wand              |       |       |     7 |       ||     7
  Use: Scroll            |     7 |     8 |     8 |     2 ||    25
       Potion            |       |     6 |     5 |     7 ||    18
 Stab: Invisible         |       |     2 |     5 |       ||     7
       Sleeping          |       |     1 |       |       ||     1
       Held in net/web   |       |       |     2 |     3 ||     5
Armor: Leather armour    |    49 |    34 |       |       ||    83
       Ring mail         |       |    46 |    42 |       ||    88
       Scale mail        |       |       |   211 |    29 ||   240
       Chain mail        |       |       |       |    85 ||    85
Dodge: Dodged            |   106 |   201 |   350 |   105 ||   762
       Rpst.: Long sword |    35 |    62 |   108 |    27 ||   232
       Great sword       |       |     4 |       |       ||     4
